 Dungeon Crawl Stone Soup version 0.31-a0-473-g61b50ae490 (webtiles) character file.

Game seed: 1164402929985430696

1634 avis the Nimble (level 8, -1/36 HPs)
             Began as a Felid Shapeshifter on Aug 6, 2023.
             Was an Initiate of Gozag.
             Slain by a steam dragon (4 damage)
             ... on level 7 of the Dungeon.
             The game lasted 00:50:59 (9004 turns).

avis the Nimble (Felid Shapeshifter)                Turns: 9004, Time: 00:50:59

Health: -1/36      AC:  2    Str: 11    XL:     8   Next: 66%
Magic:  9/9        EV: 26    Int:  9    God:    Gozag
Gold:   642        SH:  0    Dex: 19    Spells: 7/7 levels left
                                        Lives:  0   Deaths: 2

rFire   . .          .
                       - Unarmed
rCold   . . .        (shield unavailable)
rNeg    . . .        (body armour unavailable)
rPois   .            (helmet unavailable)
rElec   .            (cloak unavailable)
rCorr   .            (gloves unavailable)
SInv    +            (boots unavailable)
Will    +....        (no amulet)
Stlth   +++          (no ring)
HPRegen 0.26/turn    (no ring)
MPRegen 0.11/turn

%: no passive effects
@: beast-form, quick
A: beast (slay +3), very small, claws 1, fangs 3, see invisible, speed 1, shaggy
fur 2, stealthy paws, no weapons or thrown items, no armour, multi-lived
a: Begin Untransformation, Renounce Religion, Potion Petition, Call Merchant,
Bribe Branch


You were on level 7 of the Dungeon.
You worshipped Gozag.
Gozag was pleased with you.
You were a hulking beast.
You visited 2 branches of the dungeon, and saw 9 of its levels.

You collected 722 gold pieces.
You paid 80 gold pieces to Gozag.

Inventory:

Jewellery
 a - an amulet of reflection
 q - the ring of the Teaching Gods {Fire Int+3 Dex+3 SInv Stlth-}
   (You found it on level 4 of the Dungeon)

   [ring of fire]

   It enhances your fire magic.
   Int:       It affects your intelligence (+3).
   Dex:       It affects your dexterity (+3).
   rF:        It protects you from fire.
   rC:        It makes you vulnerable to cold.
   SInv:      It lets you see invisible.
   Stlth:     It makes you less stealthy.
Talismans
 b - a beast talisman (active)
Wands
 r - a wand of charming (4)
 x - a wand of iceblast (7)
 y - a wand of acid (8)
 z - a wand of digging (5)
Scrolls
 c - 2 scrolls of fear {unknown}
 d - 3 scrolls of revelation
 e - 2 scrolls of amnesia {unknown}
 g - a scroll of immolation
 h - a scroll of fog {unknown}
 k - 2 scrolls of blinking {unknown}
 l - a scroll of enchant armour {unknown}
 t - a scroll of vulnerability {unknown}
 w - 3 scrolls of teleportation {unknown}
 A - a scroll of noise {unknown}
Potions
 f - 2 potions of degeneration
 i - a potion of cancellation
 j - a potion of mutation
 m - a potion of brilliance
 n - 3 potions of curing {unknown}
 o - a potion of might {unknown}
 p - a potion of berserk rage {unknown}
 s - a potion of magic {unknown}
 u - a potion of enlightenment {unknown}
 v - a potion of invisibility {unknown}


   Skills:
 * Level 4.3 Fighting
 - Level 12.0 Dodging
 - Level 4.0 Stealth
 - Level 6.0 Unarmed Combat
 - Level 4.3 Shapeshifting


You had 7 spell levels left.
You didn't know any spells.
Your spell library contained the following spells:

 Spells                   Type           Power      Damage    Failure   Level
 Kiss of Death            Conj/Necr      0%         2d5       38%         1
 Sting                    Tmut/Pois      0%         1d3       38%         1
 Ensorcelled Hibernation  Hex/Ice        0%         N/A       52%         2
 Poisonous Vapours        Pois/Air       0%         N/A       52%         2
 Confusing Touch          Hex            0%         N/A       77%         3
 Dazzling Flash           Conj/Hex       0%         N/A       77%         3
 Ignite Poison            Fire/Tmut/Pois 0%         N/A       77%         3
 Anguish                  Hex/Necr       0%         N/A       99%         4
 Dispel Undead            Necr           0%         3d6       99%         4
 Olgreb's Toxic Radiance  Pois           0%         N/A       99%         4
 Sticky Flame             Conj/Fire      0%         2d3       99%         4
 Agony                    Necr           0%         N/A       100%        5
 Silence                  Hex/Air        0%         N/A       100%        5
 Ignition                 Fire           0%         3d3       100%        8


Dungeon Overview and Level Annotations

Branches:
Dungeon (8/15)             Temple (1/1) D:5
   Lair: D:8-11

Altars:
Ashenzari
Cheibriados
Dithmenos
Elyvilon
Fedhas
Gozag
Hepliaklqana
Kikubaaqudgha
Makhleb
Nemelex Xobeh
Okawaru
Qazlal
Ru
Sif Muna
Trog
Vehumet
Wu Jian
Xom
Yredelemnul
Zin
The Shining One

Shops:
D:4 =

Annotations:
D:8 Erica


Innate Abilities, Weirdness & Mutations

You are a hulking beast.
Your limbs bulge with bestial killing power. (Slay +3)
You have sharp claws.
You have razor-sharp teeth.
You have supernaturally acute eyesight. (SInv)
You cover ground quickly. (Speed+)
You are covered in thick fur. (AC +2)
Your paws help you pounce on unaware monsters.
You are incapable of wielding weapons or throwing items.
You cannot wear armour.
You gain extra lives every three experience levels.


Message History

You are a hulking beast.
Your movement speed is quick.
Your attack delay is about 0.8.
Your damage rating with unarmed combat is about 15 (Base [5 + 6 (UC)] x 102% (Str) x 107% (Fight) + 3 (Slay)).
Unknown command.
You now have 642 gold pieces (gained 22).
You see here a +0 shortbow.
You see here 5 javelins.
Partly explored, can't reach some places.
Sorry, I don't know how to traverse that place.
There is a stone staircase leading up here.
You climb upwards.
There is a stone staircase leading down here.
Things that are here:
a +0 scale mail; a +0 mace
There is a stone staircase leading down here.
This staircase leads to a travel-excluded area!
Enter next level anyway?
You climb downwards.
Level annotation: exclusion: steam dragon
There is a stone staircase leading up here.
Press: ? - help, v - describe, . - travel
Here: a steam dragon (asleep)
The floor.
Reduced exclusion size to a single square.
Removed exclusion.
The steam dragon hisses angrily.
The steam dragon breathes steam at you. The ball of steam hits you!!
Ouch! That really hurt!
You claw the steam dragon! Your bite misses the steam dragon.
The steam dragon is moderately wounded.
You are engulfed in a cloud of scalding steam.
The steam dragon bites you!
* * * LOW HITPOINT WARNING * * *
The steam dragon completely misses you.
Okay, then.
Okay, then.
The steam dragon closely misses you. The steam dragon claws you.
You die...
Your body crumbles into a pile of gold.

#.....#..##.##........#
#....#####..#.........#
#....# #.#.........##
##....# ##.#.........#
#.....# #.#.......§.§#
.....## #.#.......§.§#
.....# ##.#.......§§§#
.....# #.##.....§§...#
.....# ##.###...hD...##
.....# #..# ##...§§..#
.....###.## #.......#
.....##..# ##....>.#
.....##.## ##....##
.....##.# ###.##
.....#..# ### .....#.##
.......#


You could see a steam dragon.

Vanquished Creatures
  Maggie (D:6)
  Sigmund (D:2)
  A black bear (D:7)
  An ogre (D:5)
  A centaur (D:7)
  A phantom (D:6)
  A gnoll sergeant (D:5)
  A scorpion (D:6)
  4 wights
  A vampire bat (D:3)
  5 hounds
  Crazy Yiuf (D:2)
  A jelly (D:4)
  3 orc priests
  2 sleepcaps
  Jessica (D:2)
  Ijyb (D:4)
  3 iguanas
  5 orc wizards
  19 gnolls
  3 adders
  2 white imps
  2 worms
  4 dart slugs
  30 orcs
  5 ball pythons
  4 endoplasms (D:1)
  3 giant cockroaches (D:4)
  36 goblins
  25 hobgoblins
  5 jackals
  5 quokkas
  13 bats
  2 frilled lizards (D:3)
  9 kobolds
  5 rats
207 creatures vanquished.

Vanquished Creatures (others)
  An orc (D:6)
1 creature vanquished.

Grand Total: 208 creatures vanquished

Notes
Turn   | Place    | Note
-------+----------+-------------------------------------------
     0 | D:1      | avis the Felid Shapeshifter began the quest for the Orb.
     0 | D:1      | Reached XP level 1. HP: 9/9 MP: 2/2
    57 | D:1      | Reached XP level 2. HP: 13/13 MP: 3/3
   508 | D:1      | Reached XP level 3. HP: 13/17 MP: 4/4
   789 | D:2      | Reached skill level 3 in Dodging
  1146 | D:2      | Noticed Sigmund
  1206 | D:3      | Reached skill level 4 in Dodging
  1210 | D:3      | Reached XP level 4. HP: 15/21 MP: 5/5
  1395 | D:3      | Found a faded altar of an unknown god.
  1519 | D:2      | Found a runed translucent door.
  1520 | D:2      | Noticed Crazy Yiuf
  1808 | D:2      | Noticed Jessica
  1816 | D:2      | Killed Jessica
  1817 | D:2      | Reached skill level 5 in Dodging
  1817 | D:2      | Reached skill level 1 in Stealth
  2252 | D:3      | Reached XP level 5. HP: 16/24 MP: 6/6
  2519 | D:3      | Shot with a sling bullet by a goblin
  2520 | D:3      | Reached XP level 4. HP: -3/21 MP: 5/5
  2988 | D:3      | Reached XP level 5. HP: 21/24 MP: 6/6
  3380 | D:3      | Reached skill level 6 in Dodging
  4077 | D:3      | Gained mutation: You are covered in thick fur. (AC +2)
                  | [Felid growth]
  4077 | D:3      | Reached XP level 6. HP: 16/28 MP: 7/7
  4153 | D:4      | Reached skill level 7 in Dodging
  4346 | D:4      | Identified the ring of the Teaching Gods {Fire Int+3 Dex+3
                  | SInv Stlth-}
  4358 | D:4      | Noticed Ijyb
  4625 | D:4      | Killed Ijyb
  4795 | D:4      | Found Kupua's Jewellery Emporium.
  4917 | D:4      | Identified the +0 long sword of Past Mistakes {holy, rPois
                  | rF+ Will+}
  5031 | D:5      | Entered Level 5 of the Dungeon
  5238 | D:5      | Reached XP level 7. HP: 32/32 MP: 8/8
  5238 | D:5      | Found a staircase to the Ecumenical Temple.
  5255 | D:5      | Reached skill level 8 in Dodging
  5355 | Temple   | Entered the Ecumenical Temple
  5360 | Temple   | Became a worshipper of Gozag Ym Sagoz the Greedy
  5424 | D:5      | Found a hazy altar of Hepliaklqana.
  5975 | D:5      | Reached skill level 9 in Dodging
  6392 | D:6      | Reached skill level 10 in Dodging
  6395 | D:6      | Noticed Maggie
  6402 | D:6      | Killed by an exploding orc... ignited by their inner flame
  6403 | D:6      | Reached XP level 6. HP: -7/28 MP: 7/7
  6466 | D:6      | Killed Maggie
  6467 | D:6      | Reached skill level 5 in Unarmed Combat
  6467 | D:6      | Reached XP level 7. HP: 24/32 MP: 8/8
  7315 | D:2      | Killed Sigmund
  7316 | D:2      | Reached skill level 11 in Dodging
  7316 | D:2      | Reached XP level 8. HP: 23/36 MP: 9/9
  7427 | D:2      | Killed Crazy Yiuf
  7984 | D:7      | Reached skill level 12 in Dodging
  8087 | D:7      | Found an ornate altar of the Wu Jian Council.
  8231 | D:7      | You fall into a shaft and drop 1 floor!
  8387 | D:8      | Noticed Erica
  9004 | D:7      | Slain by a steam dragon

Illustrated notes

Levels and vault maps discovered:
D:1:      ncdulo_lavacross, layout_rooms, grunt_decor_cap
D:2:      layout_basic, serial_bayou_crossing, uniq_sigmund, uniq_jessica,
          uniq_crazy_yiuf_cottage
D:3:      minmay_goblin_kobold_castle, layout_loops_ring,
          chequers_ecumenical_altar_grove, roderic_batcave
D:4:      layout_rooms, serial_shops, shop, hangedman_decor_diamond_cutter,
          nicolae_concentric_dashed_squares_wild, uniq_ijyb
D:5:      layout_loops_ring, mainiacjoe_overflow_tiny_flanked,
          minmay_temple_entry_statues
D:6:      layout_cave_pools, serial_column_ruins,
          column_ruins_corridor_straight, column_ruins_corridor_straight,
          column_ruins_open_small, column_ruins_columns_corner,
          column_ruins_open_tiny, uniq_maggie
D:7:      layout_cave_pods, overflow_temple_1_default
D:8:      layout_basic, uniq_erica
Temple:   compressed_dpeg_triangle_lava_temple

Skill      XL: |  1  2  3  4  5  6  7  8 |
---------------+-------------------------+-----
Fighting       | 2 3 4 |  4.3
Dodging        | 4 5 6 7 11 12 | 12.0
Stealth        | 2 3 4 |  4.0
Unarmed Combat | 4 5 6 |  6.0
Shapeshifting  | 4 |  4.3

Action                     |  1- 3 |  4- 6 |  7- 9 || total
---------------------------+-------+-------+-------++-------
  Melee: Unarmed           |    86 |   324 |   201 ||   611
         Bite              |     5 |    35 |    25 ||    65
         Punch             |     4 |     6 |     9 ||    19
    Use: Potion            |       |     1 |       ||     1
         Scroll            |       |       |     6 ||     6
   Stab: Sleeping          |     4 |     8 |     3 ||    15
         Distracted        |       |     1 |     2 ||     3
 Armour: Skin              |     1 |    26 |     4 ||    31
  Dodge: Dodged            |    47 |   252 |   140 ||   439

Table legend: (Time is in decaauts)
 A = Elapsed time spent in this place.
 B = Non-inter-level travel time spent in this place.
 C = Inter-level travel time spent in this place.
 D = Time resting spent in this place.
 E = Time spent auto-exploring this place.
 F = Levels seen in this place.
 G = Mean time per level.
                   A        B        C        D        E       F      G
               +--------+--------+--------+--------+--------+-----+--------+
         Total |   7751 |   6843 |    908 |   1651 |   2574 |   9 |  861.2 |
       Dungeon |   7738 |   6830 |    908 |   1651 |   2574 |   8 |  967.2 |
        Temple |     12 |     12 |      0 |      0 |      0 |   1 |   12.0 |
               +--------+--------+--------+--------+--------+-----+--------+

Top non-repeatable levels by time:
     D:3: 2120 daAuts
     D:2: 1166 daAuts
     D:5: 1070 daAuts
     D:6: 977 daAuts
     D:4: 839 daAuts
     D:1: 724 daAuts
     D:7: 708 daAuts
     D:8: 131 daAuts
  Temple: 12 daAuts
